 Dungeon Crawl Stone Soup version 0.28.0 (webtiles) character file.

Game seed: 7474945582228465211

79 Jerry the Chucker (level 4, -1/44 HPs)
             Began as a Troll Hunter on Feb 8, 2022.
             Killed from afar by an orc wizard (9 damage)
             ... with a magic dart
             ... on level 3 of the Dungeon.
             The game lasted 00:04:29 (1947 turns).

Jerry the Chucker (Troll Hunter)                    Turns: 1947, Time: 00:04:29

Health: -1/44      AC:  4    Str: 20    XL:     4   Next: 17%
Magic:  3/3        EV: 10    Int:  9    God:
Gold:   111        SH:  0    Dex: 10    Spells: 3/3 levels left

rFire   . . .      SeeInvis .   g - +0 whip
rCold   . . .      Faith    .   (no shield)
rNeg    . . .      Spirit   .   b - +0 robe
rPois   .          Reflect  .   (helmet restricted)
rElec   .          Harm     .   (no cloak)
rCorr   .          Rampage  .   (gloves unavailable)
Will    .....                   (boots unavailable)
Stlth   +.........              (no amulet)
HPRegen 0.94/turn               (no ring)
MPRegen 0.08/turn               (no ring)

@: no status effects
A: large, unfitting armour, claws 3, regeneration 1, shaggy fur 1, tough skin 1
a: no special abilities


You were on level 3 of the Dungeon.
You visited 1 branch of the dungeon, and saw 3 of its levels.

You collected 111 gold pieces.

Inventory:

Hand Weapons
 g - a +0 whip (weapon)
Missiles
 d - 2 throwing nets (quivered)
Armour
 b - a +0 robe (worn)
Jewellery
 i - a +6 ring of dexterity
Scrolls
 a - a scroll of holy word {unknown}
 e - 7 scrolls of identify {unknown}
 f - a scroll of acquirement {unknown}
 h - a scroll of fear {unknown}
 j - a scroll of noise {unknown}
Potions
 k - a potion of resistance {unknown}


   Skills:
 + Level 2.3 Fighting
 + Level 1.0 Maces & Flails
 + Level 4.1 Throwing
 + Level 2.3 Dodging
 - Level 0.3 Stealth


You had 3 spell levels left.
You didn't know any spells.
Your spell library contained the following spells:

 Spells                   Type           Power      Damage    Failure   Level
 Animate Skeleton         Necr           0%         N/A       38%         1
 Pain                     Necr           0%         1d4       38%         1
 Slow                     Hex            0%         N/A       38%         1
 Call Canine Familiar     Summ           0%         N/A       77%         3
 Confusing Touch          Hex            0%         N/A       77%         3
 Portal Projectile        Hex/Tloc       0%         N/A       77%         3
 Stone Arrow              Conj/Erth      0%         3d7       77%         3
 Vampiric Draining        Necr           0%         2d6       77%         3
 Animate Armour           Summ/Erth      0%         N/A       99%         4
 Leda's Liquefaction      Hex/Erth       0%         N/A       99%         4
 Lehudib's Crystal Spear  Conj/Erth      0%         10d2      100%        8


Dungeon Overview and Level Annotations

Branches:
Dungeon (3/15)

Altars:


Innate Abilities, Weirdness & Mutations

You are too large for most types of armour.
You have claws for hands.
Your natural rate of healing is unusually fast.
You are covered in fur. (AC +1)
You have tough skin. (AC +1)


Message History

You resist with significant effort.
Your Maces & Flails skill increases to level 1!
You have reached level 4!
Throw: large rock
Press: ? - help, Q - select action, (/) - cycle Shift-Dir - straight line, f - orc wizard
Aim: an orc wizard, wielding a +0 dagger and wearing a +0 robe (51% to hit)
You throw a large rock. The large rock misses the orc wizard.
Items here: ( )) [ †.
You closely miss the orc wizard.
The orc wizard points at you and mumbles some strange words.
The magic dart hits you.
* * * LOW HITPOINT WARNING * * *
The orc wizard completely misses you.
You barely miss the orc wizard.
The orc wizard hits you with a +0 dagger.
* * * LOW HITPOINT WARNING * * *
You hit the orc wizard but do no damage.
The orc wizard hits you but does no damage.
You closely miss the orc wizard. The orc wizard barely misses you.
You miss the orc wizard. The orc wizard closely misses you.
You hit the orc wizard.
The orc wizard is moderately wounded.
The orc wizard hits you but does no damage.
You hit the orc wizard.
The orc wizard is moderately wounded.
The orc wizard hits you with a +0 dagger.
You closely miss the orc wizard.
The orc wizard is moderately wounded.
The orc wizard casts a spell at you. The puff of flame hits you!
* * * LOW HITPOINT WARNING * * *
You completely miss the orc wizard.
The orc wizard is moderately wounded.
The orc wizard hits you with a +0 dagger.
* * * LOW HITPOINT WARNING * * *
You hit the orc wizard but do no damage.
The orc wizard is moderately wounded.
The orc wizard points at you and mumbles some strange words.
The magic dart hits you!
You die...

#.....# ## #.o...# #.## #...o.#
...... . ###....# ....... ..#
#.....## ....... ..#####.....#
....#.## ............# .........
.<..........###########.....#....
...........(...o@)...............
.(###.#.....#################..##
..###.##.#### ########..>..
............. .........####
..##..##...## .............
..##..##.#.# #........#####
..##.......# # #........# #
.###..##<# # #.# #........#### .#
#..##.# ###.#####.......)...#


You could see an orc wizard.

Vanquished Creatures
  An orc priest (D:3)
  A dart slug (D:1)
  An orc (D:3)
  3 ball pythons (D:2)
  5 endoplasms
  A giant cockroach (D:2)
  3 goblins
  9 hobgoblins
  3 jackals (D:2)
  2 quokkas
  4 bats
  4 kobolds
  4 rats
41 creatures vanquished.

Vanquished Creatures (others)
  A fungus (D:2)
1 creature vanquished.

Grand Total: 42 creatures vanquished

Notes
Turn   | Place    | Note
-------+----------+-------------------------------------------
     0 | D:1      | Jerry the Troll Hunter began the quest for the Orb.
     0 | D:1      | Reached XP level 1. HP: 19/19 MP: 0/0
   430 | D:1      | Reached XP level 2. HP: 23/28 MP: 1/1
  1006 | D:2      | Found a faded altar of an unknown god.
  1103 | D:2      | Reached XP level 3. HP: 31/35 MP: 2/2
  1187 | D:2      | Reached skill level 4 in Throwing
  1935 | D:3      | Reached skill level 1 in Maces & Flails
  1935 | D:3      | Reached XP level 4. HP: 15/44 MP: 3/3
  1947 | D:3      | Killed from afar by an orc wizard

Illustrated notes

Levels and vault maps discovered:
D:1:      psy_arrival_wood_between_worlds, layout_basic
D:2:      layout_basic, shapermc_ecumenical_altar_mp_ritualfount
D:3:      layout_basic

Skill      XL: |  1  2  3 |
---------------+----------+-----
Fighting       | 2 |  2.3
Dodging        | 2 |  2.3
Throwing       | 4 |  4.1
Maces & Flails | 1 |  1.0
Stealth        | |  0.3

Action                   |  1- 3 |  4- 6 || total
-------------------------+-------+-------++-------
Melee: Short sword       |    77 |       ||    77
       Whip              |    95 |    10 ||   105
Throw: Large rock        |     4 |     1 ||     5
 Stab: Sleeping          |     2 |       ||     2
Armor: Robe              |    73 |     2 ||    75
Dodge: Dodged            |   116 |     3 ||   119
